PA
KENT COMETS @ LAKE ERIE ARRYNS
08/01/2041
 
TOP OF THE 1ST
Kent Comets batting - Pitching for Lake Erie Arryns : RHP Damarco Lyons
Pitching: RHP Damarco Lyons
Batting: LHB Octávio Obezo 0-0: Ball
1-0: Swinging Strike
1-1: Ball
2-1: SINGLE (Line Drive, 6MD, EV 102.5 MPH)
Batting: RHB John Jackson 0-0: Ball
1-0: Foul Ball, location: 2F
1-1: Ball
2-1: Foul Ball, location: 2F
2-2: Ball
3-2: Fielders Choice at 2nd, 6-4 (Groundball, 56, EV 88.8 MPH)
Batting: LHB Numberto Pencíl 0-0: Ball
1-0: Ball
2-0: Ball
3-0: Base on Balls
John Jackson to second
Batting: RHB Alohinani Puanani 0-0: Called Strike
0-1: DOUBLE (Groundball, 5L, EV 103.8 MPH)
John Jackson scores
Numberto Pencíl to third
Runner from 3rd tries for Home, SAFE, throw by LF to trailing runner, SAFE at third!
Batting: LHB Jorge Hernández 0-0: Ball
1-0: SINGLE (Flyball, 9LS, EV 85.6 MPH)
Alohinani Puanani scores
Batting: SHB Jesús Muńíz 0-0: Ball
1-0: Called Strike
1-1: Fielders Choice at 2nd, 4-6 (Groundball, 4, EV 77.5 MPH)
Batting: RHB Brian Myers 0-0: Foul Ball, location: 2F
0-1: Called Strike
0-2: Ball
1-2: Foul Ball, location: 2F
1-2: SINGLE (Line Drive, 8LS, EV 93.8 MPH)
Jesús Muńíz to second
Runner from 2nd tries for 3rd, SAFE, no throw by CF
Batting: RHB Zhao-ji Pan 0-0: Ball
1-0: Fly out, F4 (Line Drive, 4, EV 69.4 MPH)
Top of the 1st over - 3 runs, 4 hits, 0 errors, 2 left on base; Kent 3 - Lake Erie 0
BOTTOM OF THE 1ST
Lake Erie Arryns batting - Pitching for Kent Comets : RHP Rob Butler
Pitching: RHP Rob Butler
Batting: RHB Daryl Pethick 0-0: Foul Ball, location: 2F
0-1: Swinging Strike
0-2: Strikes out swinging
Batting: RHB Carlos Valle 0-0: SINGLE (Line Drive, 7S, EV 105.0 MPH)
Batting: LHB Robbie Care 0-0: Ball
1-0: Fly out, F4 (Line Drive, 4, EV 61.2 MPH)
Batting: RHB Aloysius Szymanski 0-0: DOUBLE (Line Drive, 5D, EV 97.5 MPH)
Carlos Valle to third
Runner from 3rd tries for Home, SAFE, no throw by LF
Batting: LHB Trent Armstrong 0-0: Called Strike
0-1: Ball
1-1: Foul Ball, location: 2F
1-2: Strikes out looking
Bottom of the 1st over - 1 run, 2 hits, 0 errors, 1 left on base; Kent 3 - Lake Erie 1
TOP OF THE 2ND
Kent Comets batting - Pitching for Lake Erie Arryns : RHP Damarco Lyons
Batting: RHB Roberto Méndez 0-0: Swinging Strike
0-1: Ball
1-1: Ball
2-1: Foul Ball, location: 2F
2-2: Strikes out looking
Batting: LHB Octávio Obezo 0-0: Ball
1-0: Ball
2-0: Ball
3-0: Called Strike
3-1: Base on Balls
Batting: RHB John Jackson 0-0: Ball
1-0: SINGLE (Line Drive, 89S, EV 97.5 MPH)
Octávio Obezo to second
Runner from 2nd tries for 3rd, SAFE, throw by RF made to third
Batting: LHB Numberto Pencíl 0-0: Foul Ball, location: 2F
0-1: Ball
1-1: Ball
2-1: Fielders Choice at 2nd, 4-6 (Groundball, 4, EV 82.5 MPH)
Octávio Obezo scores
Batting: RHB Alohinani Puanani 0-0: Swinging Strike
0-1: Ball
1-1: Swinging Strike
1-2: Strikes out swinging
Top of the 2nd over - 1 run, 1 hit, 0 errors, 1 left on base; Kent 4 - Lake Erie 1
BOTTOM OF THE 2ND
Lake Erie Arryns batting - Pitching for Kent Comets : RHP Rob Butler
Batting: RHB Luther H. Greene 0-0: Ball
1-0: Swinging Strike
1-1: Ball
2-1: Ball
3-1: Fly out, F6 (Popup, 6MS, EV 60.6 MPH)
Batting: RHB Rafael Briones 0-0: Ball
1-0: SINGLE (Line Drive, 78S, EV 109.4 MPH)
Batting: RHB Shi-yu Ting 0-0: Ball
1-0: Called Strike
1-1: Ball
2-1: Ball
3-1: SINGLE (Groundball, 4D, EV 96.9 MPH)
Rafael Briones to second
Batting: RHB Hiroshige Yamada 0-0: Swinging Strike
0-1: Grounds into double play, 5-4-3 (Groundball, 5, EV 104.4 MPH)
Bottom of the 2nd over - 0 runs, 2 hits, 0 errors, 1 left on base; Kent 4 - Lake Erie 1
TOP OF THE 3RD
Kent Comets batting - Pitching for Lake Erie Arryns : RHP Damarco Lyons
Batting: LHB Jorge Hernández 0-0: Ball
1-0: Ball
2-0: Ball
3-0: Base on Balls
Batting: SHB Jesús Muńíz 0-0: Foul Ball, location: 2F
0-1: SINGLE (Groundball, 34D, EV 105.0 MPH)
Jorge Hernández to second
Runner from 2nd tries for 3rd, SAFE, throw by RF made to third
Batting: RHB Brian Myers 0-0: Ball
1-0: Swinging Strike
1-1: Swinging Strike
1-2: Strikes out swinging
Batting: RHB Zhao-ji Pan 0-0: Called Strike
0-1: Ball
1-1: Ball
2-1: Swinging Strike
2-2: Ball
3-2: Strikes out looking
Batting: RHB Roberto Méndez Pickoff Throw to First - Out! 1-3
Top of the 3rd over - 0 runs, 1 hit, 0 errors, 1 left on base; Kent 4 - Lake Erie 1
BOTTOM OF THE 3RD
Lake Erie Arryns batting - Pitching for Kent Comets : RHP Rob Butler
Batting: RHB Daryl Pethick 0-0: Swinging Strike
0-1: SINGLE (Flyball, 89M, EV 91.2 MPH)
Batting: RHB Carlos Valle 0-0: Ball
Daryl Pethick steals 2nd base
1-0: Ball
2-0: Ground out 1-3 (Groundball, 15S, EV 67.5 MPH)
Batting: LHB Robbie Care 0-0: Ball
1-0: Called Strike
1-1: Ball
Daryl Pethick is caught stealing 3rd base 2-5
2-1: Ball
3-1: Base on Balls
Batting: RHB Aloysius Szymanski 0-0: Called Strike
0-1: Ball
1-1: Ground out 1-3 (Groundball, 13, EV 66.2 MPH)
Bottom of the 3rd over - 0 runs, 1 hit, 0 errors, 1 left on base; Kent 4 - Lake Erie 1
TOP OF THE 4TH
Kent Comets batting - Pitching for Lake Erie Arryns : RHP Damarco Lyons
Batting: RHB Roberto Méndez 0-0: Called Strike
0-1: Swinging Strike
0-2: Ball
1-2: Ball
2-2: Strikes out swinging
Batting: LHB Octávio Obezo 0-0: Ball
1-0: Ball
2-0: DOUBLE (Line Drive, 9LS, EV 101.2 MPH)
Batting: RHB John Jackson 0-0: Ball
1-0: Called Strike
1-1: Ground out 2-3 (Groundball, 15S, EV 66.9 MPH)
Octávio Obezo to third
Batting: LHB Numberto Pencíl 0-0: Ball
1-0: Ball
Wild Pitch!
Octávio Obezo scores
2-0: SINGLE (Flyball, 7S, EV 91.9 MPH)
Pitching: RHP Tian-bai Hou
Batting: RHB Alohinani Puanani 0-0: Ball
1-0: Called Strike
1-1: Swinging Strike
1-2: Strikes out swinging
Top of the 4th over - 1 run, 2 hits, 0 errors, 1 left on base; Kent 5 - Lake Erie 1
BOTTOM OF THE 4TH
Lake Erie Arryns batting - Pitching for Kent Comets : RHP Rob Butler
Batting: LHB Trent Armstrong 0-0: Ball
1-0: Ground out 1-3 (Groundball, P, EV 80.0 MPH)
Batting: RHB Luther H. Greene 0-0: Called Strike
0-1: Foul Ball, location: 2F
0-2: Ball
1-2: Ball
2-2: Ball
3-2: Ground out 5-3 (Groundball, 5S, EV 91.2 MPH)
Batting: RHB Rafael Briones 0-0: Ball
1-0: Foul Ball, location: 2F
1-1: Ball
2-1: Ball
3-1: Swinging Strike
3-2: Base on Balls
Batting: RHB Shi-yu Ting 0-0: Ground out 4-3 (Groundball, 34, EV 78.1 MPH)
Bottom of the 4th over - 0 runs, 0 hits, 0 errors, 1 left on base; Kent 5 - Lake Erie 1
TOP OF THE 5TH
Kent Comets batting - Pitching for Lake Erie Arryns : RHP Tian-bai Hou
Batting: LHB Jorge Hernández 0-0: Swinging Strike
0-1: Called Strike
0-2: Fly out, F8 (Flyball, 8LS, EV 90.0 MPH)
Batting: SHB Jesús Muńíz 0-0: Foul Ball, location: 2F
0-1: Called Strike
0-2: Ball
1-2: Ball
2-2: Ball
3-2: Ground out 1-3 (Groundball, P, EV 79.4 MPH)
Batting: RHB Brian Myers 0-0: Called Strike
0-1: Ball
1-1: Ball
2-1: Ball
3-1: Fly out, F9 (Flyball, 89S, EV 80.0 MPH)
Top of the 5th over - 0 runs, 0 hits, 0 errors, 0 left on base; Kent 5 - Lake Erie 1
BOTTOM OF THE 5TH
Lake Erie Arryns batting - Pitching for Kent Comets : RHP Rob Butler
Batting: RHB Hiroshige Yamada 0-0: Ball
1-0: Ball
2-0: Ground out 5-3 (Groundball, 5S, EV 92.5 MPH)
Batting: RHB Daryl Pethick 0-0: Ball
1-0: Ground out 6-3 (Groundball, 6, EV 86.9 MPH)
Batting: RHB Carlos Valle 0-0: Ball
1-0: Ball
2-0: Swinging Strike
2-1: Fly out, F6 (Popup, 6MD, EV 62.5 MPH)
Bottom of the 5th over - 0 runs, 0 hits, 0 errors, 0 left on base; Kent 5 - Lake Erie 1
TOP OF THE 6TH
Kent Comets batting - Pitching for Lake Erie Arryns : RHP Tian-bai Hou
Batting: RHB Zhao-ji Pan 0-0: Foul Ball, location: 2F
0-1: Foul Ball, location: 2F
0-2: Foul Ball, location: 2F
0-2: Strikes out swinging
Batting: RHB Roberto Méndez 0-0: Called Strike
0-1: SINGLE (Line Drive, 6D, EV 96.9 MPH)
Batting: LHB Octávio Obezo 0-0: Called Strike
0-1: Fielders Choice at 2nd, 3-6 (Groundball, 3, EV 84.4 MPH)
Batting: RHB John Jackson 0-0: Ground out 1-3 (Groundball, P, EV 88.1 MPH)
Top of the 6th over - 0 runs, 1 hit, 0 errors, 1 left on base; Kent 5 - Lake Erie 1
BOTTOM OF THE 6TH
Lake Erie Arryns batting - Pitching for Kent Comets : RHP Rob Butler
Batting: LHB Robbie Care 0-0: Foul Ball, location: 2F
0-1: Foul Ball, location: 2F
0-2: Foul Ball, location: 2F
0-2: Foul Ball, location: 2F
0-2: Foul Ball, location: 2F
0-2: Ball
1-2: Strikes out swinging
Batting: RHB Aloysius Szymanski 0-0: Called Strike
0-1: Ball
1-1: Ball
2-1: Ball
3-1: Base on Balls
Batting: LHB Trent Armstrong 0-0: Ball
1-0: Fly out, F9 (Flyball, 9LSF, EV 87.5 MPH)
Batting: RHB Luther H. Greene 0-0: Fly out, F7 (Flyball, 7, EV 86.2 MPH)
Bottom of the 6th over - 0 runs, 0 hits, 0 errors, 1 left on base; Kent 5 - Lake Erie 1
TOP OF THE 7TH
Kent Comets batting - Pitching for Lake Erie Arryns : RHP Tian-bai Hou
Batting: LHB Numberto Pencíl 0-0: Ball
1-0: Called Strike
1-1: Foul Ball, location: 2F
1-2: Strikes out swinging
Batting: RHB Alohinani Puanani 0-0: Ball
1-0: Ball
2-0: Fly out, F8 (Flyball, 89M, EV 88.8 MPH)
Batting: LHB Jorge Hernández 0-0: Ball
1-0: Ground out 4-3 (Groundball, 4, EV 81.2 MPH)
Top of the 7th over - 0 runs, 0 hits, 0 errors, 0 left on base; Kent 5 - Lake Erie 1
BOTTOM OF THE 7TH
Lake Erie Arryns batting - Pitching for Kent Comets : RHP Rob Butler
Now at 2B: Bill Carson
Now in LF: Bobby O'Kennedy
Now in RF: Jai-guo Tian
Batting: RHB Rafael Briones 0-0: Swinging Strike
0-1: Ball
1-1: Ball
2-1: Swinging Strike
2-2: Strikes out swinging
Batting: RHB Shi-yu Ting 0-0: Swinging Strike
0-1: Called Strike
0-2: Ball
1-2: Ball
2-2: Fly out, F9 (Flyball, 9LSF, EV 79.4 MPH)
Batting: RHB Hiroshige Yamada 0-0: Ball
1-0: Foul Ball, location: 2F
1-1: Ball
2-1: Foul Ball, location: 2F
2-2: Ball
3-2: Strikes out swinging
Bottom of the 7th over - 0 runs, 0 hits, 0 errors, 0 left on base; Kent 5 - Lake Erie 1
TOP OF THE 8TH
Kent Comets batting - Pitching for Lake Erie Arryns : RHP Tian-bai Hou
Batting: SHB Jesús Muńíz 0-0: Ball
1-0: Ball
2-0: Called Strike
2-1: Foul Ball, location: 2F
2-2: Ball
3-2: Foul Ball, location: 2F
3-2: Strikes out swinging
Batting: RHB Brian Myers 0-0: SINGLE (Groundball, 56D, EV 104.4 MPH)
Batting: RHB Zhao-ji Pan 0-0: Ball
1-0: Called Strike
1-1: Ball
2-1: Grounds into double play, 1-4-3 (Groundball, P, EV 88.8 MPH)
Top of the 8th over - 0 runs, 1 hit, 0 errors, 0 left on base; Kent 5 - Lake Erie 1
BOTTOM OF THE 8TH
Lake Erie Arryns batting - Pitching for Kent Comets : RHP Rob Butler
Batting: RHB Daryl Pethick 0-0: Called Strike
0-1: Foul Ball, location: 2F
0-2: Ball
1-2: Ground out 6-3 (Groundball, 6, EV 78.8 MPH)
Pitching: RHP José Peńa
Batting: RHB Carlos Valle 0-0: Swinging Strike
0-1: Ball
1-1: Foul Ball, location: 2F
1-2: Ball
2-2: Strikes out swinging
Batting: LHB Robbie Care 0-0: Swinging Strike
0-1: Foul Ball, location: 2F
0-2: Ball
1-2: Ball
2-2: Strikes out swinging
Bottom of the 8th over - 0 runs, 0 hits, 0 errors, 0 left on base; Kent 5 - Lake Erie 1
TOP OF THE 9TH
Kent Comets batting - Pitching for Lake Erie Arryns : RHP Tian-bai Hou
Pitching: RHP Daniel Tucker
Batting: RHB Roberto Méndez 0-0: Called Strike
0-1: Swinging Strike
0-2: Strikes out swinging
Batting: RHB Bill Carson 0-0: Ball
1-0: Called Strike
1-1: Called Strike
1-2: Strikes out swinging
Batting: RHB John Jackson 0-0: Foul Ball, location: 2F
0-1: Ball
1-1: Ball
2-1: Ground out U3 (Groundball, 34, EV 88.1 MPH)
Top of the 9th over - 0 runs, 0 hits, 0 errors, 0 left on base; Kent 5 - Lake Erie 1
BOTTOM OF THE 9TH
Lake Erie Arryns batting - Pitching for Kent Comets : RHP José Peńa
Pitching: RHP Gypsyamber D'Souza
Batting: RHB Aloysius Szymanski 0-0: Fly out, F7 (Flyball, 78S, EV 91.2 MPH)
Batting: LHB Trent Armstrong 0-0: SINGLE (Line Drive, 78S, EV 102.5 MPH)
Batting: RHB Luther H. Greene 0-0: Called Strike
0-1: Called Strike
0-2: Ball
1-2: Ball
2-2: Foul Ball, location: 2F
2-2: Ball
3-2: Foul Ball, location: 2F
3-2: Base on Balls
Trent Armstrong to second
Batting: RHB Rafael Briones 0-0: SINGLE (Groundball, 5L, EV 97.5 MPH)
Trent Armstrong to third
Luther H. Greene to second
Pinch Hitting: SHB Claude Long 0-0: Foul Ball, location: 2F
0-1: Ball
1-1: Fielders Choice at 2nd, 6-4 (Groundball, 56, EV 91.2 MPH)
Trent Armstrong scores
Luther H. Greene to third
Pinch Hitting: LHB Pedro Gonzáles 0-0: Foul Ball, location: 2F
0-1: Ball
1-1: Ball
2-1: Foul Ball, location: 2F
2-2: SINGLE (Line Drive, 34D, EV 94.4 MPH)
Luther H. Greene scores
Claude Long to second
Batting: RHB Daryl Pethick 0-0: Ground out 4-3 (Groundball, 4, EV 108.1 MPH)
Bottom of the 9th over - 2 runs, 3 hits, 0 errors, 2 left on base; Kent 5 - Lake Erie 3
Tuesday, January 5th, 2021 - OOTP Baseball 20.8 Build 74